Cogmind - Beta 12 @@@ ROGUE MODE // 2024.01.12 @ 23:39:56 Player: puppuppit Result: Destroyed by as-82091 with Assembled Blade Performance ------------- Evolutions (0) 0 Regions Visited (2) 400 Robots Destroyed (40) 200 Value Destroyed (483) 483 Prototype IDs (5) 100 Alien Tech Used (0) 0 Bonus (6) 6 TOTAL SCORE: 1189 Bonus ------- High Alert Combat Kills 6 Cogmind --------- Core Integrity 0/250 Matter 300/300 Energy 118/125 System Corruption 0% Temperature Warm (137) Movement Hovering (120) Ox1 Location -10/Mines Parts ------- > --- POWER (1) -------- Light Ion Engine > --- PROPULSION (2) --- Improved Hover Unit > --- UTILITY (2) ------ Small Storage Unit Improved Terrain Scanner > --- WEAPON (2) ------- EM Pulse Gun Beam Cannon > --- INVENTORY (8) ---- Light Ion Engine Hover Unit Improved Hover Unit Terrain Scan Processor Beam Cannon Datajack Peak State ------------ > --- POWER ------------ Light Ion Engine > --- PROPULSION ------- Improved Hover Unit Improved Hover Unit > --- UTILITY ---------- Small Storage Unit Improved Terrain Scanner > --- WEAPON ----------- EM Pulse Gun Medium Laser > --- INVENTORY -------- Light Ion Engine Wheel Compact Wheel Hover Unit Improved Terrain Scanner Small Laser Grenade Launcher Datajack [Rating: 12] Favorites ----------- Power Light Ion Engine Engine Light Ion Engine Propulsion Improved Hover Unit Wheel Wheel Hover Unit Improved Hover Unit Utility Small Storage Unit Device Improved Terrain Scanner Storage Small Storage Unit Weapon EM Pulse Gun Energy Gun EM Pulse Gun Energy Cannon Beam Cannon Launcher Grenade Launcher Special Melee Weapon Datajack Build | -11 -10 -10 ------- Run | Jun Mat Min Slots Evolved . | . . . Power . | . . . Propulsion . | . . . Utility . | . . . Weapon . | . . . Parts Attached 32 | 9 18 5 Power 3 | 1 1 1 Engine 3 | 1 1 1 Core . | . . . Reactor . | . . . Propulsion 10 | 4 4 2 Treads . | . . . Leg . | . . . Wheel 5 | 4 1 . Hover 5 | . 3 2 Flight . | . . . Utility 3 | 2 1 . Device 2 | 1 1 . Storage 1 | 1 . . Processor . | . . . Hackware . | . . . Protection . | . . . Artifact . | . . . Weapon 16 | 2 12 2 Energy Gun 7 | 2 5 . Energy Cannon 4 | . 3 1 Ballistic Gun . | . . . Ballistic Cannon . | . . . Launcher 3 | . 2 1 Special Weapon . | . . . Impact Weapon . | . . . Slashing Weapon . | . . . Piercing Weapon . | . . . Special Melee Weapon 2 | . 2 . Unidentified Prototypes . | . . . Parts Lost 3 | . 1 2 Power . | . . . Propulsion 2 | . 1 1 Utility . | . . . Weapon 1 | . . 1 Highest Loss Streak 1 | . 1 1 To Critical Strikes . | . . . Average Slot Usage (%) 99 | . 99 98 Engine 14 | . 14 14 Wheel 5 | . 9 . Hover 21 | . 18 27 Device 14 | . 14 14 Storage 14 | . 14 14 Energy Gun 16 | . 17 14 Energy Cannon 6 | . 8 3 Launcher 4 | . . 10 Naked Turns . | . . . Heaviest Build 14 | 12 14 14 Greatest Support 32 | 32 20 14 Greatest Overweight (x) 2 | 2 1 1 Average Overweight (x) . | . . . Largest Inventory Capacity 8 | 8 8 8 Average Capacity 7 | 7 8 8 Most Carried 8 | 8 8 8 Average Carried 7 | 3 7 7 Final Capacity 8 | 8 8 8 Final Carried 8 | 8 7 6 Class Distribution -------------------- 93% | Mutant 6% | Scavenger-Mutant Dominant Class ---------------- Mutant | -10/Materials Mutant | -10/Mines Resources | -11 -10 -10 ----------- Run | Jun Mat Min Matter Collected 695 | 290 230 175 Remotely . | . . . Salvage Created 1014 | 203 663 148 Parts 75 | 15 34 26 Haulers Intercepted 2 | . 2 . Recyclers Shooed 2 | . 2 . Parts Field Recycled . | . . . Retrieved Matter . | . . . Parts Self-Destructed . | . . . Prevented . | . . . Kills | -11 -10 -10 ------- Run | Jun Mat Min Combat Hostiles Destroyed 21 | . 7 14 Guns 2 | . 1 1 AOE 19 | . 6 13 Classes Destroyed 10 | 3 6 1 Worker 5 | 2 2 1 Builder 3 | . 1 2 Tunneler 4 | 3 1 . Hauler 2 | . 2 . Recycler 6 | 1 5 . Operator 1 | . 1 . Watcher 3 | . 3 . Swarmer 14 | . 5 9 Grunt 2 | . 2 . Assembled 5 | . . 5 Best Kill Streak 4 | 3 4 4 Combat Bots Only 4 | . 3 4 Max Kills in Single Turn 3 | 1 3 3 Gunslinging . | . . . Exploded 3 | . 2 3 Melee . | . . . Uniques/NPCs Destroyed . | . . . Combat | -11 -10 -10 -------- Run | Jun Mat Min Damage Taken 664 | . 283 381 Core 273 | . 112 161 Absorbed by Shields . | . . . Core Remaining (%) 100 | 100 . . Volleys Fired 95 | 14 52 29 Largest 2 | 2 2 2 Hottest 100 | 80 100 100 Shots Fired 184 | 28 102 54 Gun 124 | 28 67 29 Cannon 42 | . 30 12 Launcher 18 | . 5 13 Special . | . . . Kinetic . | . . . Thermal 78 | 14 52 12 Explosive 18 | . 5 13 Electromagnetic 88 | 14 45 29 Robot Hit Streak 9 | 6 9 7 Robot Miss Streak 4 | 3 4 3 Penetration Max . | . . . Secondary Targets . | . . . Shots Hit Robots 84 | 15 45 24 Core Hits 66 | 7 27 32 Critical Kills . | . . . Critical Parts Destroyed . | . . . Critical Strikes . | . . . Melee Attacks . | . . . Impact . | . . . Slashing . | . . . Piercing . | . . . Sneak Attacks . | . . . Combat Hostiles . | . . . Follow-up Attacks . | . . . Damage Inflicted 2249 | 181 1086 982 Guns 768 | 181 418 169 Cannons 409 | . 250 159 Explosions 1072 | . 418 654 Melee . | . . . Ramming . | . . . Kinetic . | . . . Thermal 704 | 75 470 159 Explosive 966 | . 312 654 Electromagnetic 579 | 106 304 169 Impact . | . . . Slashing . | . . . Piercing . | . . . Highest Corruption . | . . . Average Corruption . | . . . Corruption Purged . | . . . Corruption Blocked . | . . . Overload Shots . | . . . Overflow Damage 88 | . 48 40 Projectiles 13 | . 6 7 Explosions 75 | . 42 33 Melee . | . . . Knockbacks . | . . . Impact . | . . . Kinetic . | . . . Secondary . | . . . Self-Inflicted Damage 173 | . 91 82 Shots 6 | . 3 3 Rammed . | . . . Targets Rammed . | . . . Kicked . | . . . Crushed . | . . . Highest Temperature 318 | 180 240 318 Average Temperature 73 | 74 64 89 Received Heat Transfer 32 | . 12 20 Siege Activations . | . . . Robots Corrupted 1 | . 1 . Combat Hostiles . | . . . Parts Fried 3 | . 3 . Impact Corruptions . | . . . Robots Melted . | . . . Combat Hostiles . | . . . Parts Melted 2 | . 1 1 Heat Transferred 1509 | 175 1001 333 Parts Sabotaged . | . . . Parts Stolen . | . . . Parts Stripped . | . . . Power Chain Reactions 2 | . 2 . Missiles Intercepted . | . . . Alert | -11 -10 -10 ------- Run | Jun Mat Min Peak Influence 522 | 30 433 522 Initial 154 | . 19 154 Average 273 | 11 234 421 Maximum Alert Level 2 | . 2 2 Low Security (%) 33 | 100 40 . Level 1 44 | . 56 38 Level 2 22 | . 2 60 Level 3 . | . . . Level 4 . | . . . Level 5 . | . . . High Security . | . . . Max Security . | . . . Squads Dispatched 1 | . 1 . Investigation 1 | . 1 . Extermination . | . . . Reinforcement . | . . . Assault . | . . . Garrison . | . . . Intercept . | . . . Searches Triggered . | . . . Construction Impeded . | . . . Haulers Reinforced . | . . . Active Scanning Responses . | . . . Cargo Convoy Interrupts . | . . . Stealth | -11 -10 -10 --------- Run | Jun Mat Min Distress Signals 1 | . 1 . Communications Jammed . | . . . Distress Signals . | . . . Times Spotted 37 | . 15 22 Peak Tracking Total 9 | . 3 9 Tactical Retreats 4 | . 1 3 Traps | -11 -10 -10 ------- Run | Jun Mat Min Traps Triggered 1 | . 1 . Indirectly . | . . . Trap Hack Attempts 4 | . 4 . Triggered . | . . . Disarmed . | . . . Reprogrammed 8 | . 8 . Reused 1 | . 1 . Traps Extracted . | . . . Installed . | . . . Triggered 3 | . 3 . Machines | -11 -10 -10 ---------- Run | Jun Mat Min Machines Disabled 11 | . 8 3 Max in Single Turn 2 | . 2 1 Machines Repaired . | . . . Machines Sabotaged . | . . . Overloaded Fab Kills . | . . . Hacking | -11 -10 -10 --------- Run | Jun Mat Min Machines Accessed 7 | . 7 . Terminals 7 | . 7 . Fabricators . | . . . Repair Stations . | . . . Recycling Units . | . . . Scanalyzers . | . . . Garrison Access . | . . . Total Hacks 29 | . 29 . Successful 15 | . 15 . Failed 13 | . 13 . Catastrophic 2 | . 2 . Database Lockouts 1 | . 1 . Manual 10 | . 10 . Terminals 29 | . 29 . Fabricators . | . . . Repair Stations . | . . . Recycling Units . | . . . Scanalyzers . | . . . Garrison Access . | . . . Terminal Hacks 15 | . 15 . Robot Analysis 4 | . 4 . Prototype ID Bank 4 | . 4 . Emergency Access Points 1 | . 1 . Terminal Index 1 | . 1 . Reprogram Traps 1 | . 1 . Maintenance Status 1 | . 1 . Transport Status 1 | . 1 . Hauler Manifests 1 | . 1 . Zone Layout 1 | . 1 . Fabricator Hacks . | . . . Repair Station Hacks . | . . . Recycling Unit Hacks . | . . . Scanalyzer . | . . . Garrison Access Hacks . | . . . Unauthorized Hacks . | . . . Terminals . | . . . Fabricators . | . . . Repair Stations . | . . . Recycling Units . | . . . Scanalyzers . | . . . Garrison Access . | . . . Data Cores Recovered 1 | . 1 . Used 1 | . 1 . Hacking Detections 7 | . 7 . Full Trace Events 2 | . 2 . Feedback Events . | . . . Feedback Blocked . | . . . Robot Schematics Acquired . | . . . Robots Built . | . . . Authchips . | . . . Time . | . . . Total Robot Build Rating . | . . . Part Schematics Acquired . | . . . Parts Built . | . . . Authchips . | . . . Time . | . . . Total Part Build Rating . | . . . Parts Repaired . | . . . Time . | . . . Parts Recycled . | . . . Recycled Matter . | . . . Retrieved Matter . | . . . Retrieved Components . | . . . Parts Scanalyzed . | . . . Part Schematics Acquired . | . . . Parts Damaged . | . . . Bothacking | -11 -10 -10 ------------ Run | Jun Mat Min Used RIF Installer . | . . . Robots Hacked . | . . . Non-combat . | . . . Combat . | . . . Robot Hacks Applied . | . . . Relay Couplers Released . | . . . Fabnet Peak Effective % . | . . . Robots Rewired . | . . . Allies Hacked . | . . . Hacks Repelled . | . . . Allies | -11 -10 -10 -------- Run | Jun Mat Min Total Allies 1 | . . 1 Largest Group 1 | . . 1 Highest-Rated Group 31 | . . 31 Highest-Rated Ally 31 | . . 31 Total Orders . | . . . Ally Attacks 2 | . . 2 Total Damage 44 | . . 44 Kills . | . . . Allies Corrupted . | . . . Allies Melted . | . . . Intel | -11 -10 -10 ------- Run | Jun Mat Min Robot Analysis Total 4 | . 4 . Derelict Logs Recovered 2 | . . 2 Drone Launches . | . . . Drone Recoveries . | . . . Exploration | -11 -10 -10 ------------- Run | Jun Mat Min Turns Passed 1082 | 119 594 369 Spaces Moved 1163 | 55 613 495 Core 3 | 3 . . Treads . | . . . Legs . | . . . Wheels 225 | 52 173 . Hover 935 | . 440 495 Flight . | . . . Fastest Speed 50 | 50 56 56 Average Speed 61 | 98 62 56 Slowest Speed 150 | 150 125 120 Overloaded Moves . | . . . Propulsion Burnouts . | . . . Robots Hopped . | . . . Cave-ins Triggered . | . . . Exploration Rate (%) 54 | 4 89 71 Regions Visited 2 Branch Regions 1 Pre-discovered Areas . | . . . Known Exits Taken . | . . . Unknown Exits Taken 2 | 1 1 . Scrap Searched . | . . . Spaces Dug . | . . . Terrain Destroyed 136 | . 72 64 Melee . | . . . Projectile . | . . . AOE 136 | . 72 64 Terrain Rammed . | . . . Walls Destroyed . | . . . Machines Disabled . | . . . Actions | -11 -10 -10 --------- Run | Jun Mat Min Total 1343 | 87 726 530 Wait 9 | . 9 . Move 1161 | 54 612 495 Hop . | . . . Pick Up 21 | 9 12 . Fast Attach 11 | 7 4 . Attach 2 | . 1 1 Detach . | . . . Swap 19 | 2 13 4 Drop 21 | 1 19 1 Fire 95 | 14 52 29 Melee . | . . . Ram . | . . . Kick . | . . . Crush . | . . . Escape Stasis . | . . . Rewire . | . . . Trap 4 | . 4 . Miscellaneous . | . . . Route ------- -11/Junkyard -10/Materials (discovered 4 exits: [*Mat x3] / [*Min]) -10/Mines (discovered 1 exit: [*Mat]) History --------- Turn | Location | Event 24 | -11/Junkyard | Discovered new exit (range 14) 120 | -11/Junkyard | Entered Materials 196 | -10/Materials | Discovered new exit (range 15) 375 | -10/Materials | Discovered new exit (range 12) 478 | -10/Materials | Central database locked down 490 | -10/Materials | Discovered new exit (range 15) 532 | -10/Materials | Discovered new exit (range 14) 635 | -10/Materials | Build established: Mutant 714 | -10/Materials | Entered Mines 731 | -10/Mines | Learned location of 1 exit from Materials 737 | -10/Mines | Learned Materials stockpile data 755 | -10/Mines | Core integrity fell below 50% 854 | -10/Mines | Discovered new exit (range 5) 870 | -10/Mines | Escorted by a lone wolf Derelict 932 | -10/Mines | Assembled infested the area 937 | -10/Mines | Assisted by a Guerilla fighting off Assembled 1001 | -10/Mines | Core integrity fell below 20% 1083 | -10/Mines | Destroyed by as-82091 with Assembled Blade Last Messages --------------- 00980_ K-01 Serf destroyed. 00984_ as-64923 destroyed. 00984_ as-76039 destroyed. 00984_ Destroyed Asb. Hover Unit. 00984_ as-72165 destroyed. 00988_ Grenade Launcher destroyed. 00990_ Knocked back. 01000_ as-43814 destroyed. 01009_ Terrain Scan Processor melted. 01009_ U-05 Engineer destroyed. 01013_ Acquired 30 matter. 01037_ Acquired 60 matter. 01044_ U-05 Engineer destroyed. 01052_ as-71686 sneak attacks. 01055_ The unstable cave ceiling collapses. 01055_ T-07 Excavator destroyed. 01056_ Destroyed Asb. Hover Unit. 01062_ as-71686 destroyed. 01078_ Imp. Hover Unit destroyed. 01082_ K-01 Serf collects debris. Map ----- +----------------------------------------------------+ | ??#??# ###?# #????????## ## ##??????????# | | ????## #?# ##????????# ##??????#### | | ????# < ### #?????????# ##?????# | | ????# [%## #?????????# ##????# | | ????# [ **[ #?????????## ##???# #? | | ##### # # = #??????????# ##??# #? | | ### # #??###?????# ## #???# #? | | #?###### ##?## #???## #### ##??# #? | | ######???#?# ##?# #### #### #### #? | | #??????????# ### ## #? | | #??????????# #?# #######? | | #????#?????## #?## #??????? | | ####????????## ##?## ##??????? | | ##?????????#####??# ###### #???????? | | #????#??????#????# a##??#?## #?#????? | | #?????????????#??## #??????## #??????? | | ##?######??????????## #???????## #??????? | | ###### ######??????# #?????#?### ##?#????? | | ## ## ##?????# #?????????## ##???????? | | #?????# ####???????###?#??????? | | ##???## # ##?????????????????? | | ## #??## # #??????#??????????? | | #### #??# = ###???????????????? | | ##?## #### %!# ##???????????????? | | #### ## ## a % ##??????????????? | | ###"## @ #####??##??????# | | k% a ##???????### | | !%| r """ ##??????# | | ##### ! """ #?#????## | | ##### ####???##### ### """ ##????## | | # ##???# #?????????### ###?## ###### | | ## ##???## ##??#????########??## | | ?####???### #??#?#??## ### ##??# | | ??#?????# #???????# = #??## ###### | | ######### ####?#?#?##"" #??## ##????# | | # ## #?##??????#" *###?## ##?????? | | # !!!! ## #??#???#??#"" [ #??# ###???????# | | # !!! ## ##?#?#????# #??# ######??# | | # !!!! !#?#??????# ###?? #???# | | # !!!! ## #????????##### # ##???? ##### ##### | | # ###*#?????????## # # #?????? #??# | | # ###?# #????????#?# # # #?????? ????####### | | ##?### #??????????# # ###??#???# #??????????## | | #?## ##????????#### ########## #???????????# | | ##?# ##???????# * = #??????????#? | | ##??# ######### ######!########???????????? | | ##??## ###### #??????????????#???? | | ##????# ###########????# #???#?????#????????? | | ??????# #####????#???#???#?# ##?????????????????? | | ??????# #??????????#???????# #??????????????????? | +----------------------------------------------------+ Best States ------------- Heat Dissipation 25 Energy Generation 10 Energy Capacity 125 Matter Stores 300 Matter Capacity 300 Sight Range 16 Terrain Scan Range 16 Terrain Scan Density 10 Evasion (%) 53 Item Schematics ----------------- None Robot Schematics ------------------ None Fabricated ------------ Nothing Alien Tech Used ----------------- None Achievements -------------- None Challenges ------------ None Game ------ Seed AssembledGlidesysMatrix Manual? 0 Play Time 00:22:07 Cumulative 55.6 hours Start 2024.01.12 @ 23:21:54 End 2024.01.12 @ 23:39:56 Sessions 1 Manual Loads 0 Difficulty Rogue Special Mode None Game No. 34 Rogue 34 Adventurer 0 Explorer 0 Win Type - Total 0 Types 0/0/0/0/0/0/0/0/0 Lore% 49 Gallery% 48 Achievement% 39 Wizard Run 0 Options --------- ASCII 0 Keyboard 1 Movement Arrows Keybinds 0 Fullscreen 1 Font 12/Proggy Map View 83x54 Tactical HUD 1 Map Filters NONE Filters NONE Steam 0 RUN: d8a0a550-027f-4a17-b11a-ace7fa87d52f